TOP OF THE 1ST |
Americus Braves batting - Pitching for Palm Beach Nationals : RHP John McAuley
|
Pitching: RHP John McAuley
|
|
Batting: RHB Jose Restrepo
|
0-0: Ground out 4-3 (Groundball, 4, EV 99.4 MPH)
|
Batting: RHB Ray Hubbard
|
0-0: Called Strike 0-1: Ball 1-1: Ball 2-1: Fly out, F5 (Line Drive, 5, EV 65.0 MPH)
|
Batting: LHB Rafael Ortega
|
0-0: Called Strike 0-1: Foul Ball, location: 2F 0-2: Strikes out swinging
|
Top of the 1st over - 0 runs, 0 hits, 0 errors, 0 left on base; Americus 0 - Palm Beach 0 |
BOTTOM OF THE 1ST |
Palm Beach Nationals batting - Pitching for Americus Braves : RHP Ricardo Villar
|
Pitching: RHP Ricardo Villar
|
|
Batting: LHB R.J. O'Brien
|
0-0: Swinging Strike 0-1: SINGLE (Groundball, 56, EV 81.3 MPH) (infield hit)
|
Batting: LHB Xavier Pittman
|
0-0: Ball 1-0: Ball 2-0: Fielders Choice at 2nd, 4-6 (Groundball, 4, EV 87.5 MPH)
|
Batting: RHB Chris Lee
|
0-0: Ball 1-0: Ball 2-0: DOUBLE (Line Drive, 5D, EV 105.6 MPH) Xavier Pittman to third Runner from 3rd tries for Home, SAFE, no throw by LF
|
Batting: RHB Shunji Nakamura
|
0-0: Fly out, F7 (Line Drive, 7D, EV 88.1 MPH) Runner from 2nd tags up, SAFE at 3rd, no throw by LF
|
Batting: RHB Eric Cochran
|
0-0: Ball 1-0: Called Strike 1-1: Ball 2-1: Ball 3-1: Swinging Strike 3-2: Fly out, F9 (Line Drive, 9D, EV 87.5 MPH)
|
Bottom of the 1st over - 1 run, 2 hits, 0 errors, 1 left on base; Americus 0 - Palm Beach 1 |
TOP OF THE 2ND |
Americus Braves batting - Pitching for Palm Beach Nationals : RHP John McAuley
|
Batting: RHB Mike Beavers
|
0-0: Called Strike 0-1: SINGLE (Line Drive, 78S, EV 99.4 MPH)
|
Batting: LHB Sergio Corona
|
0-0: Foul Ball, location: 2F 0-1: Ball 1-1: Ball 2-1: Called Strike 2-2: Foul Ball, location: 2F 2-2: Ball 3-2: Foul Ball, location: 2F 3-2: Foul Ball, location: 2F 3-2: Ground out 6-3 (Groundball, 6, EV 90.0 MPH) Mike Beavers to second
|
Batting: RHB Ryuzo Nakano
|
0-0: Ball 1-0: DOUBLE (Line Drive, 7LS, EV 110.0 MPH) Mike Beavers scores
|
Batting: RHB Jose Copado
|
0-0: Called Strike 0-1: Ball 1-1: Foul Ball, location: 2F 1-2: Strikes out swinging
|
Batting: RHB Jose Trevino
|
0-0: Called Strike 0-1: SINGLE (Groundball, 6MD, EV 100.0 MPH) Ryuzo Nakano to third Runner from 3rd tries for Home, SAFE, throw by CF to home
|
Batting: RHB Ricardo Villar
|
0-0: Ball 1-0: Called Strike 1-1: Ball 2-1: Ball 3-1: Called Strike 3-2: Strikes out looking
|
Top of the 2nd over - 2 runs, 3 hits, 0 errors, 1 left on base; Americus 2 - Palm Beach 1 |
BOTTOM OF THE 2ND |
Palm Beach Nationals batting - Pitching for Americus Braves : RHP Ricardo Villar
|
Batting: RHB Jody Breese
|
0-0: Foul Ball, location: 2F 0-1: Ground out 6-3 (Groundball, 6, EV 82.5 MPH)
|
Batting: RHB Tyler Young
|
0-0: Ball 1-0: Ground out 6-3 (Groundball, 6M, EV 85.0 MPH)
|
Batting: SHB Noah Cody
|
0-0: Called Strike 0-1: Foul Ball, location: 2F 0-2: Ball 1-2: Ground out 4-3 (Groundball, 34D, EV 100.0 MPH)
|
Bottom of the 2nd over - 0 runs, 0 hits, 0 errors, 0 left on base; Americus 2 - Palm Beach 1 |
TOP OF THE 3RD |
Americus Braves batting - Pitching for Palm Beach Nationals : RHP John McAuley
|
Batting: RHB Jose Restrepo
|
0-0: Ball 1-0: Swinging Strike 1-1: Ball 2-1: DOUBLE (Groundball, 5L, EV 105.0 MPH)
|
Batting: RHB Ray Hubbard
|
0-0: Ball 1-0: Ground out 4-3 (Groundball, 4, EV 88.1 MPH) Jose Restrepo to third
|
Batting: LHB Rafael Ortega
|
0-0: Foul Ball, location: 2F 0-1: Ball 1-1: Swinging Strike 1-2: Ball 2-2: Foul Ball, location: 2F 2-2: Ball 3-2: Ground out U3 (Groundball, 3, EV 87.5 MPH)
|
Batting: RHB Mike Beavers
|
0-0: Foul Ball, location: 2F 0-1: Ball 1-1: SINGLE (Line Drive, 3D, EV 96.9 MPH) Jose Restrepo scores
|
Batting: LHB Sergio Corona
|
0-0: Foul Ball, location: 2F 0-1: Ball 1-1: Ball 2-1: Called Strike 2-2: Ball Mike Beavers steals 2nd base 3-2: Strikes out swinging
|
Top of the 3rd over - 1 run, 2 hits, 0 errors, 1 left on base; Americus 3 - Palm Beach 1 |
BOTTOM OF THE 3RD |
Palm Beach Nationals batting - Pitching for Americus Braves : RHP Ricardo Villar
|
Batting: RHB John McAuley
|
0-0: Called Strike 0-1: Ball 1-1: Ball 2-1: Foul Ball, location: 2F 2-2: Foul Ball, location: 2F 2-2: SINGLE (Groundball, 6, EV 111.3 MPH) (infield hit)
|
Batting: LHB R.J. O'Brien
|
0-0: Ball 1-0: Ball Wild Pitch! John McAuley to second 2-0: Swinging Strike 2-1: Ball 3-1: Called Strike 3-2: Base on Balls
|
Batting: LHB Xavier Pittman
|
0-0: Called Strike 0-1: Ball Wild Pitch! John McAuley to third R.J. O'Brien to second 1-1: Foul Ball, location: 2F 1-2: Strikes out swinging
|
Batting: RHB Chris Lee
|
0-0: Ball 1-0: Called Strike 1-1: Foul Ball, location: 2F 1-2: Ball 2-2: Fly out, F8 (Flyball, 8LS, EV 88.8 MPH)
|
Batting: RHB Shunji Nakamura
|
0-0: Ball 1-0: Ball 2-0: Swinging Strike 2-1: Foul Ball, location: 2F 2-2: Ball Wild Pitch! John McAuley scores R.J. O'Brien to third 3-2: Fly out, F8 (Flyball, 8RXD, EV 113.8 MPH)
|
Bottom of the 3rd over - 1 run, 1 hit, 0 errors, 1 left on base; Americus 3 - Palm Beach 2 |
TOP OF THE 4TH |
Americus Braves batting - Pitching for Palm Beach Nationals : RHP John McAuley
|
Batting: RHB Ryuzo Nakano
|
0-0: Called Strike 0-1: Called Strike 0-2: Ball 1-2: Foul Ball, location: 2F 1-2: Ball 2-2: DOUBLE (Flyball, 9LD, EV 104.4 MPH)
|
Batting: RHB Jose Copado
|
0-0: Ball 1-0: Called Strike 1-1: SINGLE (Line Drive, 6MD, EV 104.4 MPH) Ryuzo Nakano to third
|
Batting: RHB Jose Trevino
|
0-0: Fly out, F4 (Popup, 4S, EV 83.8 MPH)
|
Batting: RHB Ricardo Villar
|
0-0: Ball 1-0: Ball 2-0: Ball 3-0: Foul Ball, location: 2F 3-1: Fly out, F7 (Flyball, 7S, EV 83.8 MPH)
|
Batting: RHB Jose Restrepo
|
0-0: Swinging Strike 0-1: Called Strike 0-2: Ball 1-2: Strikes out swinging
|
Top of the 4th over - 0 runs, 2 hits, 0 errors, 2 left on base; Americus 3 - Palm Beach 2 |
BOTTOM OF THE 4TH |
Palm Beach Nationals batting - Pitching for Americus Braves : RHP Ricardo Villar
|
Batting: RHB Eric Cochran
|
0-0: Foul Ball, location: 2F 0-1: SINGLE (Line Drive, 78S, EV 106.9 MPH)
|
Batting: RHB Jody Breese
|
0-0: SINGLE (Groundball, 6, EV 83.8 MPH) (infield hit) Eric Cochran to second
|
Batting: RHB Tyler Young
|
0-0: Ball 1-0: Foul Ball, location: 2F 1-1: Ball 2-1: Fly out, F8 (Line Drive, 8LD, EV 91.3 MPH)
|
Batting: SHB Noah Cody
|
0-0: Reached on error, E1 (Groundball, 15S, EV 68.1 MPH) Eric Cochran to third Jody Breese to second
|
Batting: RHB John McAuley
|
0-0: Called Strike 0-1: Ball 1-1: Foul Ball, location: 2F 1-2: Ball 2-2: Ball 3-2: Foul Ball, location: 2F 3-2: Strikes out swinging
|
Batting: LHB R.J. O'Brien
|
0-0: Swinging Strike 0-1: Fly out, F8 (Flyball, 8LM, EV 80.6 MPH)
|
Bottom of the 4th over - 0 runs, 2 hits, 1 error, 3 left on base; Americus 3 - Palm Beach 2 |
TOP OF THE 5TH |
Americus Braves batting - Pitching for Palm Beach Nationals : RHP John McAuley
|
Batting: RHB Ray Hubbard
|
0-0: Ball 1-0: Foul Ball, location: 2F 1-1: Ball 2-1: Ball 3-1: SINGLE (Line Drive, 78M, EV 91.3 MPH)
|
Pitching: RHP Tony Gandara
|
|
Batting: LHB Rafael Ortega
|
0-0: Swinging Strike 0-1: Ball 1-1: Ball 2-1: Foul Ball, location: 2F 2-2: Ball 3-2: Foul Ball, location: 2F 3-2: Foul Ball, location: 2F 3-2: Base on Balls Ray Hubbard to second
|
Batting: RHB Mike Beavers
|
0-0: Ball 1-0: Called Strike 1-1: Swinging Strike 1-2: Foul Ball, location: 2F 1-2: Ball 2-2: Fly out, F8 (Flyball, 78M, EV 88.1 MPH)
|
Batting: LHB Sergio Corona
|
0-0: Ball 1-0: Foul Ball, location: 2F 1-1: Foul Ball, location: 2F 1-2: Foul Ball, location: 2F 1-2: Foul Ball, location: 2F 1-2: Foul Ball, location: 2F 1-2: Ball 2-2: Ball 3-2: Base on Balls Ray Hubbard to third Rafael Ortega to second
|
Batting: RHB Ryuzo Nakano
|
0-0: Ball 1-0: Called Strike 1-1: SINGLE (Groundball, 34D, EV 104.4 MPH) Ray Hubbard scores Rafael Ortega to third Sergio Corona to second Runner from 3rd tries for Home, SAFE, no throw by RF
|
Batting: RHB Jose Copado
|
0-0: Grounds into double play, 1-4-3 (Groundball, P, EV 81.9 MPH)
|
Top of the 5th over - 2 runs, 2 hits, 0 errors, 1 left on base; Americus 5 - Palm Beach 2 |
BOTTOM OF THE 5TH |
Palm Beach Nationals batting - Pitching for Americus Braves : RHP Ricardo Villar
|
Batting: LHB Xavier Pittman
|
0-0: Ball 1-0: Fly out, F8 (Flyball, 8LM, EV 88.8 MPH)
|
Batting: RHB Chris Lee
|
0-0: Ball 1-0: Ball 2-0: Fly out, F7 (Line Drive, 7, EV 87.5 MPH)
|
Batting: RHB Shunji Nakamura
|
0-0: Foul Ball, location: 2F 0-1: Swinging Strike 0-2: Ground out 4-3 (Groundball, 4, EV 81.9 MPH)
|
Bottom of the 5th over - 0 runs, 0 hits, 0 errors, 0 left on base; Americus 5 - Palm Beach 2 |
TOP OF THE 6TH |
Americus Braves batting - Pitching for Palm Beach Nationals : RHP Tony Gandara
|
Batting: RHB Jose Trevino
|
0-0: Ball 1-0: Ball 2-0: Swinging Strike 2-1: DOUBLE (Groundball, 5L, EV 103.1 MPH)
|
Batting: RHB Ricardo Villar
|
0-0: SINGLE (Groundball, 34S, EV 87.5 MPH) (infield hit) Jose Trevino to third
|
Batting: RHB Jose Restrepo
|
0-0: Ball 1-0: Ball 2-0: Ball 3-0: Called Strike 3-1: 3-RUN HOME RUN (Line Drive, 7D, EV 101.3 MPH), Distance : 413 ft
|
Pitching: LHP Paul Battaglia
|
|
Batting: RHB Ray Hubbard
|
0-0: Ball 1-0: Foul Ball, location: 2F 1-1: Swinging Strike 1-2: Strikes out swinging
|
Batting: LHB Rafael Ortega
|
0-0: SINGLE (Line Drive, 89M, EV 100.6 MPH)
|
Batting: RHB Mike Beavers
|
0-0: Fly out, F8 (Flyball, 8LD, EV 90.0 MPH)
|
Batting: LHB Sergio Corona
|
0-0: Called Strike 0-1: Hit by Pitch Rafael Ortega to second
|
Batting: RHB Ryuzo Nakano
|
0-0: Swinging Strike 0-1: Swinging Strike 0-2: Strikes out swinging
|
Top of the 6th over - 3 runs, 4 hits, 0 errors, 2 left on base; Americus 8 - Palm Beach 2 |
BOTTOM OF THE 6TH |
Palm Beach Nationals batting - Pitching for Americus Braves : RHP Ricardo Villar
|
Pitching: LHP Danny Santiago
|
|
Batting: RHB Eric Cochran
|
0-0: Ball 1-0: Ball 2-0: Called Strike 2-1: Swinging Strike 2-2: Strikes out swinging
|
Batting: RHB Jody Breese
|
0-0: Ball 1-0: Reached on error, E6 (Groundball, 6, EV 90.0 MPH)
|
Batting: RHB Tyler Young
|
0-0: Fly out, F9 (Line Drive, 9, EV 109.4 MPH)
|
Batting: SHB Noah Cody
|
0-0: Called Strike Pickoff Throw by Catcher to First - Out!
|
Bottom of the 6th over - 0 runs, 0 hits, 1 error, 0 left on base; Americus 8 - Palm Beach 2 |
TOP OF THE 7TH |
Americus Braves batting - Pitching for Palm Beach Nationals : LHP Paul Battaglia
|
Batting: RHB Jose Copado
|
0-0: Called Strike 0-1: Foul Ball, location: 2F 0-2: Strikes out swinging
|
Batting: RHB Jose Trevino
|
0-0: Swinging Strike 0-1: Ball 1-1: Reached on error, E5 (Groundball, 5, EV 106.3 MPH)
|
Pinch Hitting: RHB Mike Bryson
|
0-0: Ball 1-0: Ball 2-0: Ball 3-0: Called Strike 3-1: Base on Balls
|
Batting: RHB Jose Restrepo
|
0-0: Called Strike 0-1: Ball 1-1: Foul Ball, location: 2F 1-2: Strikes out swinging
|
Batting: RHB Ray Hubbard
|
0-0: Foul Ball, location: 2F 0-1: Ball 1-1: Foul Ball, location: 2F 1-2: Fielders Choice at 2nd, 5-4 (Groundball, 5, EV 85.6 MPH)
|
Top of the 7th over - 0 runs, 0 hits, 1 error, 2 left on base; Americus 8 - Palm Beach 2 |
BOTTOM OF THE 7TH |
Palm Beach Nationals batting - Pitching for Americus Braves : LHP Danny Santiago
|
Pitching: RHP Juan Zamora
|
|
Batting: SHB Noah Cody
|
0-0: Foul Ball, location: 2F 0-1: Ball 1-1: Foul Ball, location: 2F 1-2: Strikes out swinging
|
Batting: LHB Paul Battaglia
|
0-0: Called Strike 0-1: Swinging Strike 0-2: Strikes out swinging
|
Batting: LHB R.J. O'Brien
|
0-0: Ground out 4-3 (Groundball, 4, EV 91.3 MPH)
|
Bottom of the 7th over - 0 runs, 0 hits, 0 errors, 0 left on base; Americus 8 - Palm Beach 2 |
TOP OF THE 8TH |
Americus Braves batting - Pitching for Palm Beach Nationals : LHP Paul Battaglia
|
Batting: LHB Rafael Ortega
|
0-0: Fly out, F8 (Line Drive, 8RD, EV 84.4 MPH)
|
Batting: RHB Mike Beavers
|
0-0: Called Strike 0-1: Foul Ball, location: 2F 0-2: Ball 1-2: Strikes out swinging
|
Batting: LHB Sergio Corona
|
0-0: Called Strike 0-1: Ball 1-1: Foul Ball, location: 2F 1-2: Fly out, F9 (Flyball, 9D, EV 106.3 MPH)
|
Top of the 8th over - 0 runs, 0 hits, 0 errors, 0 left on base; Americus 8 - Palm Beach 2 |
BOTTOM OF THE 8TH |
Palm Beach Nationals batting - Pitching for Americus Braves : RHP Juan Zamora
|
Batting: LHB Xavier Pittman
|
0-0: Foul Ball, location: 2F 0-1: Swinging Strike 0-2: Foul Ball, location: 2F 0-2: Ball 1-2: Foul Ball, location: 2F 1-2: Foul Ball, location: 2F 1-2: Ball 2-2: Strikes out swinging
|
Batting: RHB Chris Lee
|
0-0: DOUBLE (Line Drive, 7LS, EV 108.1 MPH)
|
Batting: RHB Shunji Nakamura
|
0-0: Ground out 5-3 (Groundball, 56, EV 85.0 MPH)
|
Batting: RHB Eric Cochran
|
0-0: Called Strike 0-1: Swinging Strike 0-2: Ball 1-2: SINGLE (Flyball, 56D, EV 93.8 MPH) Chris Lee to third Runner from 3rd tries for Home, SAFE, throw by LF to home Eric Cochran to second
|
Batting: RHB Jody Breese
|
0-0: Called Strike 0-1: Ground out 6-3 (Groundball, 6, EV 88.8 MPH)
|
Bottom of the 8th over - 1 run, 2 hits, 0 errors, 1 left on base; Americus 8 - Palm Beach 3 |
TOP OF THE 9TH |
Americus Braves batting - Pitching for Palm Beach Nationals : LHP Paul Battaglia
|
Batting: RHB Ryuzo Nakano
|
0-0: Foul Ball, location: 2F 0-1: Called Strike 0-2: Ball 1-2: Ball 2-2: Ball 3-2: Foul Ball, location: 2F 3-2: Strikes out swinging
|
Batting: RHB Jose Copado
|
0-0: Called Strike 0-1: Ball 1-1: DOUBLE (Flyball, 8LXD, EV 103.1 MPH)
|
Pitching: RHP Brian Havens
|
|
Batting: RHB Jose Trevino
|
0-0: Ball 1-0: Called Strike 1-1: Ball 2-1: Ground out 5-3 (Groundball, 5, EV 85.6 MPH)
|
Pinch Hitting: RHB Adam McGurn
|
0-0: Swinging Strike 0-1: Ball 1-1: Foul Ball, location: 2F 1-2: Ball 2-2: Strikes out swinging
|
Top of the 9th over - 0 runs, 1 hit, 0 errors, 1 left on base; Americus 8 - Palm Beach 3 |
BOTTOM OF THE 9TH |
Palm Beach Nationals batting - Pitching for Americus Braves : RHP Juan Zamora
|
Pitching: RHP Rick Wylie
|
|
Now at 3B: Mike Hines
|
|
Batting: RHB Tyler Young
|
0-0: Ball 1-0: Ball 2-0: Fly out, F9 (Flyball, 9, EV 89.4 MPH)
|
Batting: SHB Noah Cody
|
0-0: Ball 1-0: Ball 2-0: Ball 3-0: Base on Balls
|
Batting: RHB Brian Havens
|
0-0: Ball 1-0: Foul Ball, location: 2F 1-1: Ball 2-1: Ball 3-1: Foul Ball, location: 2F 3-2: Strikes out swinging
|
Batting: LHB R.J. O'Brien
|
0-0: Swinging Strike 0-1: DOUBLE (Line Drive, 9LD, EV 103.1 MPH) Noah Cody to third
|
Batting: LHB Xavier Pittman
|
0-0: Called Strike 0-1: Called Strike 0-2: Strikes out swinging
|
Bottom of the 9th over - 0 runs, 1 hit, 0 errors, 2 left on base; Americus 8 - Palm Beach 3 |
|